 Dungeon Crawl Stone Soup version 0.31-a0-188-g5e087ee2ca (webtiles) character file.

Game seed: 8506582831505947867

1169 MacCMillion the Chiller (level 8, -3/58 HPs)
             Began as a Gnoll Ice Elementalist on June 23, 2023.
             Slain by Menkaure (17 damage)
             ... on level 6 of the Dungeon.
             The game lasted 00:09:52 (6431 turns).

MacCMillion the Chiller (Gnoll Ice Elementalist)    Turns: 6431, Time: 00:09:52

Health: -3/58      AC: 12    Str:  8    XL:     8   Next: 40%
Magic:  15/17      EV: 14    Int: 16    God:
Gold:   169        SH:  0    Dex: 13    Spells: 8/19 levels left

rFire   . . .        u - +0 short sword (drain)
rCold   . . .        (no shield)
rNeg    + . .        a - +0 robe
rPois   .            (no helmet)
rElec   .            (no cloak)
rCorr   .            d - +2 pair of gloves
SInv    .            (no boots)
Will    .....        e - amulet of the acrobat
Stlth   +++          m - ring of wizardry
HPRegen 0.29/turn    q - ring of positive energy
MPRegen 0.15/turn

%: acrobat, wizardry (x1)
@: ice-armoured
A: fangs 1, strong nose, distributed training
a: no special abilities


You were on level 6 of the Dungeon.
You visited 2 branches of the dungeon, and saw 7 of its levels.

You collected 169 gold pieces.

Inventory:

Hand Weapons
 f - a +0 dagger
 u - a +0 short sword of draining (weapon)
 A - a +1 whip of venom
Missiles
 t - 4 poisoned darts
 y - 2 boomerangs
 C - a throwing net
 G - 3 curare-tipped darts
Armour
 a - a +0 robe (worn)
 d - a +2 pair of gloves (worn)
 B - a +7 chain mail of ponderousness
Jewellery
 e - an amulet of the acrobat (around neck)
 m - a ring of wizardry (left hand)
 q - a ring of positive energy (right hand)
 F - a ring of wizardry
Wands
 n - a wand of polymorph (9)
 E - a wand of iceblast (7)
Scrolls
 i - a scroll of blinking {unknown}
 j - a scroll of acquirement {unknown}
 k - 2 scrolls of teleportation {unknown}
 o - 4 scrolls of identify {unknown}
 p - 3 scrolls of poison {unknown}
 v - a scroll of vulnerability {unknown}
 w - 3 scrolls of enchant armour {unknown}
 D - a scroll of noise {unknown}
 H - a scroll of revelation {unknown}
Potions
 b - a potion of magic
 c - a potion of mutation {unknown}
 g - a potion of might {unknown}
 h - 3 potions of attraction {unknown}
 l - a potion of cancellation {unknown}
 r - 5 potions of curing {unknown}
 s - a potion of resistance {unknown}
 x - 2 potions of heal wounds {unknown}
 z - a potion of invisibility {unknown}


   Skills:
 + Level 3.3 Fighting
 + Level 3.3 Short Blades
 + Level 3.3 Long Blades
 + Level 3.3 Axes
 + Level 3.3 Maces & Flails
 + Level 3.3 Polearms
 + Level 3.3 Staves
 + Level 3.3 Ranged Weapons
 + Level 3.3 Throwing
 + Level 3.3 Armour
 + Level 5.7 Dodging
 + Level 5.4 Stealth
 + Level 3.3 Shields
 + Level 3.3 Unarmed Combat
 + Level 6.1 Spellcasting
 + Level 2.7 Conjurations
 + Level 2.7 Hexes
 + Level 2.7 Summonings
 + Level 2.7 Necromancy
 + Level 2.7 Translocations
 + Level 2.7 Transmutations
 + Level 2.7 Fire Magic
 + Level 7.7 Ice Magic
 + Level 2.7 Air Magic
 + Level 2.7 Earth Magic
 + Level 2.7 Poison Magic
 + Level 3.7 Invocations
 + Level 3.3 Evocations


You had 8 spell levels left.
You knew the following spells:

 Your Spells              Type           Power      Damage    Failure   Level
a - Freeze                Ice            100%       1d10      1%          1
b - Frozen Ramparts       Ice            58%        1d9       1%          3
c - Ozocubu's Armour      Ice            29%        N/A       1%          3
d - Summon Ice Beast      Ice/Summ       21%        N/A       6%          4

Your spell library contained the following spells:

 Spells                   Type           Power      Damage    Failure   Level
 Sandblast                Erth           26%        2d8       1%          1
 Shock                    Conj/Air       52%        1d6       1%          1
 Hailstorm                Conj/Ice       21%        3d6       1%          3
 Blink                    Tloc           26%        N/A       2%          2
 Cigotuvi's Dreadful Rot  Necr/Pois/Air  26%        N/A       2%          2
 Lesser Beckoning         Tloc           26%        N/A       2%          2
 Momentum Strike          Conj/Tloc      26%        3d8       2%          2
 Passwall                 Tmut/Erth      10%        N/A       2%          2
 Ignite Poison            Fire/Tmut/Pois 13%        N/A       5%          3
 Stone Arrow              Conj/Erth      26%        3d8       5%          3
 Swiftness                Air            13%        N/A       5%          3
 Airstrike                Air            6%         2d(1-17)  17%         4
 Metabolic Englaciation   Hex/Ice        10%        N/A       17%         5
 Freezing Cloud           Conj/Ice/Air   9%         6-21      24%         5
 Simulacrum               Ice/Necr       10%        N/A       65%         6


Dungeon Overview and Level Annotations

Branches:
Dungeon (6/15)             Temple (1/1) D:4

Altars:
Dithmenos
Elyvilon
Fedhas
Gozag
Hepliaklqana
Makhleb
Nemelex Xobeh
Qazlal
Ru
Sif Muna
Trog
Vehumet
Wu Jian
Xom
Yredelemnul
The Shining One

Annotations:
D:4 exclusion: black bear
D:5 exclusions: scorpion and troll
D:6 Menkaure


Innate Abilities, Weirdness & Mutations

You have very sharp teeth.
Your uncanny sense of smell can sniff out nearby items.
Your experience applies equally to all skills.


Message History

Menkaure's ankle releases a plume of dust as he confides, "I'm not really a mummy, you know."
Okay, then.
Menkaure misses you.
Casting: Ozocubu's Armour (safe; 1% risk of failure)
Confirm with . or Enter, or press ? or * to list all spells.
A film of ice covers your body! Menkaure hits you.
You hit Menkaure but do no damage. You hit Menkaure.
You bite Menkaure, but do no damage.
Menkaure is lightly damaged.
Menkaure barely misses you.
You hit Menkaure but do no damage. Your bite misses Menkaure.
Menkaure is lightly damaged.
Menkaure calls on the powers of darkness!
Your body is wracked with pain!
You hit Menkaure but do no damage.
Menkaure is lightly damaged.
You barely miss Menkaure. You bite Menkaure, but do no damage.
Menkaure is lightly damaged.
Menkaure barely misses you.
You barely miss Menkaure. You punch Menkaure.
Menkaure is moderately damaged.
Menkaure calls on the powers of darkness!
Your body is wracked with pain!
You hit Menkaure but do no damage.
Menkaure is moderately damaged.
You hit Menkaure but do no damage.
Menkaure is moderately damaged.
Menkaure gestures at you while chanting.
Pain shoots through your body!
* * * LOW HITPOINT WARNING * * *
You hit Menkaure.
Menkaure is heavily damaged.
Menkaure misses you.
You closely miss Menkaure.
Menkaure is heavily damaged.
You barely miss Menkaure. Your punch misses Menkaure.
You bite Menkaure, but do no damage.
Menkaure is heavily damaged.
Menkaure hits you!
You die...

.#8#.#8
......
....# #...#
###...###+#
+.<...[...#
#.........+
∆
#.........#
#..@####+##
##.M..#
#....#∆
#....#
#....+
#....#
#....#
####..


You could see Menkaure.

Vanquished Creatures
  Edmund (D:4)
  2 ice beasts (D:5)
  A black bear (D:5)
  2 ogres
  2 scorpions
  A jelly (D:4)
  3 hounds
  A gnoll bouda (D:4)
  2 orc wizards (D:5)
  Natasha (thrice) (D:3)
  11 gnolls
  3 adders
  A white imp (D:5)
  An ufetubus (D:5)
  A worm (D:2)
  3 dart slugs
  11 orcs
  6 ball pythons
  An endoplasm (D:1)
  2 giant cockroaches
  3 goblins
  6 hobgoblins
  5 kobolds
  7 quokkas
  4 bats
  5 frilled lizards
  7 rats
95 creatures vanquished.

Notes
Turn   | Place    | Note
-------+----------+-------------------------------------------
     0 | D:1      | MacCMillion the Gnoll Ice Elementalist began the quest for
                  | the Orb.
     0 | D:1      | Reached XP level 1. HP: 13/13 MP: 6/6
   563 | D:1      | Reached XP level 2. HP: 18/19 MP: 5/7
  1199 | D:2      | Reached skill level 5 in Spellcasting
  1199 | D:2      | Reached XP level 3. HP: 25/25 MP: 4/9
  1203 | D:2      | Learned a level 3 spell: Frozen Ramparts
  1207 | D:2      | Learned a level 3 spell: Ozocubu's Armour
  2027 | D:2      | Reached skill level 1 in Invocations
  2533 | D:3      | Reached skill level 1 in Fighting
  2533 | D:3      | Reached skill level 1 in Short Blades
  2533 | D:3      | Reached skill level 1 in Long Blades
  2533 | D:3      | Reached skill level 1 in Axes
  2533 | D:3      | Reached skill level 1 in Maces & Flails
  2533 | D:3      | Reached skill level 1 in Polearms
  2533 | D:3      | Reached skill level 1 in Staves
  2533 | D:3      | Reached skill level 1 in Ranged Weapons
  2533 | D:3      | Reached skill level 1 in Throwing
  2533 | D:3      | Reached skill level 1 in Armour
  2533 | D:3      | Reached skill level 1 in Shields
  2533 | D:3      | Reached skill level 1 in Unarmed Combat
  2533 | D:3      | Reached skill level 1 in Evocations
  2802 | D:3      | Found a white marble altar of Elyvilon.
  2949 | D:3      | Reached XP level 4. HP: 32/32 MP: 11/11
  3011 | D:3      | Noticed Natasha
  3016 | D:3      | Killed Natasha
  3017 | D:3      | Reached skill level 1 in Conjurations
  3017 | D:3      | Reached skill level 1 in Hexes
  3017 | D:3      | Reached skill level 1 in Summonings
  3017 | D:3      | Reached skill level 1 in Necromancy
  3017 | D:3      | Reached skill level 1 in Translocations
  3017 | D:3      | Reached skill level 1 in Transmutations
  3017 | D:3      | Reached skill level 1 in Fire Magic
  3017 | D:3      | Reached skill level 1 in Air Magic
  3017 | D:3      | Reached skill level 1 in Earth Magic
  3017 | D:3      | Reached skill level 1 in Poison Magic
  3469 | D:3      | Noticed Natasha
  3475 | D:3      | Killed Natasha
  3476 | D:3      | Reached XP level 5. HP: 35/37 MP: 8/12
  3608 | D:3      | Noticed Natasha
  3613 | D:3      | Killed Natasha
  3673 | D:3      | Found a faded altar of an unknown god.
  3838 | D:4      | Noticed a black bear
  4221 | D:4      | Reached XP level 6. HP: 43/44 MP: 10/14
  4285 | D:4      | Reached skill level 5 in Dodging
  4382 | D:4      | Found a staircase to the Ecumenical Temple.
  4391 | Temple   | Entered the Ecumenical Temple
  4500 | D:4      | Reached XP level 7. HP: 35/51 MP: 5/15
  4595 | D:4      | Noticed Edmund
  4616 | D:4      | Killed Edmund
  4862 | D:4      | Reached skill level 5 in Stealth
  4965 | D:5      | Entered Level 5 of the Dungeon
  5101 | D:5      | Learned a level 4 spell: Summon Ice Beast
  5412 | D:5      | Found a shimmering altar of Xom.
  5413 | D:5      | Noticed a troll
  5545 | D:5      | Reached XP level 8. HP: 54/58 MP: 13/16
  6416 | D:6      | Noticed Menkaure
  6431 | D:6      | Slain by Menkaure

Illustrated notes

Levels and vault maps discovered:
D:1:      dpeg_arrival_long_road, layout_basic
D:2:      cheibrodos_helix_gallery, layout_loops_corners,
          kennysheep_another_room
D:3:      minmay_evil_eye, layout_basic, elyvilon_altar_4,
          shapermc_ecumenical_altar_acropolis, hex_intersection,
          amcnicky_mini_pool_small, uniq_natasha
D:4:      layout_basic, minmay_temple_entry_mist, uniq_edmund
D:5:      minmay_spotlight, layout_gridville, kennysheep_diamond,
          minmay_fractal_squares_gapless_5
D:6:      layout_gridville, lemuel_mausoleum_altar_kikubaaqudgha,
          overflow_temple_1_default, uniq_menkaure
Temple:   hellmonk_temple_two_chambers

Skill      XL: |  1  2  3  4  5  6  7  8 |
---------------+-------------------------+-----
Spellcasting   | 5 6 |  6.1
Invocations    | 1 2 3 |  3.7
Fighting       | 1 2 3 |  3.3
Short Blades   | 1 2 3 |  3.3
Long Blades    | 1 2 3 |  3.3
Axes           | 1 2 3 |  3.3
Maces & Flails | 1 2 3 |  3.3
Polearms       | 1 2 3 |  3.3
Staves         | 1 2 3 |  3.3
Ranged Weapons | 1 2 3 |  3.3
Throwing       | 1 2 3 |  3.3
Armour         | 1 2 3 |  3.3
Shields        | 1 2 3 |  3.3
Unarmed Combat | 1 2 3 |  3.3
Evocations     | 1 2 3 |  3.3
Conjurations   | 1 2 |  2.7
Hexes          | 1 2 |  2.7
Summonings     | 1 2 |  2.7
Necromancy     | 1 2 |  2.7
Translocations | 1 2 |  2.7
Transmutations | 1 2 |  2.7
Fire Magic     | 1 2 |  2.7
Air Magic      | 1 2 |  2.7
Earth Magic    | 1 2 |  2.7
Poison Magic   | 1 2 |  2.7
Dodging        | 5 |  5.7
Stealth        | 5 |  5.4
Ice Magic      | |  7.7

Action                     |  1- 3 |  4- 6 |  7- 9 || total
---------------------------+-------+-------+-------++-------
  Melee: Unarmed           |     4 |       |       ||     4
         Dagger            |    28 |       |       ||    28
         Short sword       |     4 |    46 |    77 ||   127
         Bite              |     1 |     1 |    10 ||    12
         Punch             |       |     1 |     4 ||     5
         Whip              |       |       |    10 ||    10
   Cast: Freeze            |    33 |     3 |     2 ||    38
         Frozen Ramparts   |     4 |    13 |    16 ||    33
         Ozocubu's Armour  |       |     6 |    11 ||    17
         Summon Ice Beast  |       |       |     4 ||     4
   Stab: Sleeping          |     9 |     3 |     2 ||    14
         Distracted        |       |       |     1 ||     1
 Armour: Robe              |    11 |    14 |    33 ||    58
  Dodge: Dodged            |    30 |    56 |   101 ||   187

Table legend: (Time is in decaauts)
 A = Elapsed time spent in this place.
 B = Non-inter-level travel time spent in this place.
 C = Inter-level travel time spent in this place.
 D = Time resting spent in this place.
 E = Time spent auto-exploring this place.
 F = Levels seen in this place.
 G = Mean time per level.
                   A        B        C        D        E       F      G
               +--------+--------+--------+--------+--------+-----+--------+
         Total |   6420 |   6206 |    214 |   1540 |   3755 |   7 |  917.1 |
       Dungeon |   6382 |   6168 |    214 |   1540 |   3727 |   6 | 1063.7 |
        Temple |     37 |     37 |      0 |      0 |     28 |   1 |   37.0 |
               +--------+--------+--------+--------+--------+-----+--------+

Top non-repeatable levels by time:
     D:3: 1483 daAuts
     D:5: 1447 daAuts
     D:2: 1378 daAuts
     D:4: 1099 daAuts
     D:1: 960 daAuts
  Temple: 37 daAuts
     D:6: 13 daAuts
